 Dungeon Crawl Stone Soup version 0.21-a0-632-g1e37ce5 (webtiles) character file.

1148 Amnesiac the Thaumaturge (level 8, 0/36 HPs)
             Began as a Spriggan Venom Mage on Dec 28, 2017.
             Was a Believer of Sif Muna.
             Succumbed to a big kobold's poison
             ... on level 5 of the Dungeon.
             The game lasted 00:08:32 (5184 turns).

Amnesiac the Thaumaturge (Spriggan Venom Mage)      Turns: 5184, Time: 00:08:33

Health: 0/36       AC:  2    Str:  4    XL:     8   Next: 15%
Magic:  8/24       EV: 18    Int: 22    God:    Sif Muna [**....]
Gold:   116        SH:  0    Dex: 16    Spells: 19/30 levels left

rFire    . . .     SeeInvis +   n - +4 flail (protect)
rCold    . . .     Gourm    .   (shield restricted)
rNeg     . . .     Faith    .   a - +0 robe
rPois    .         Spirit   .   (helmet restricted)
rElec    .         Reflect  .   (no cloak)
rCorr    .         Harm     .   (gloves unavailable)
MR       +....                  (boots unavailable)
Stlth    ++........             t - amulet of inaccuracy
HPRegen  0.12/turn              p - +3 ring of intelligence
MPRegen  0.19/turn              (no ring)

@: lethally poisoned (0 -> -7), flying, divine energy, very quick
A: very small, unfitting armour, see invisible, herbivore, speed 3, slow
metabolism 2
a: Stop Divine Energy, Renounce Religion


You were on level 5 of the Dungeon.
You worshipped Sif Muna.
Sif Muna was pleased with you.
You were full.

You visited 1 branch of the dungeon, and saw 5 of its levels.

You collected 116 gold pieces.

Inventory:

Hand Weapons
 n - a +4 flail of protection (weapon)
Missiles
 d - 213 stones (quivered)
 r - 17 poisoned needles
Armour
 a - a +0 robe (worn)
Jewellery
 p - a +3 ring of intelligence (left hand)
 t - an amulet of inaccuracy (around neck)
Wands
 u - a wand of acid (7)
Scrolls
 c - a scroll of fog {!r, unknown}
 e - 4 scrolls of identify {!r, unknown}
 f - 3 scrolls of remove curse {!r}
 g - 2 scrolls of enchant weapon {!r, unknown}
 h - a scroll of teleportation {!r, unknown}
 j - a scroll of immolation {!r, unknown}
 k - 2 scrolls of blinking {!r, unknown}
 m - a scroll of amnesia {!r, unknown}
 o - a scroll of magic mapping {!r, unknown}
Books
 b - a Young Poisoner's Handbook

   Spells                             Type                      Level
   a - Sting                          Conjuration/Poison           1
   b - Poisonous Vapours              Poison/Air                   2
   c - Mephitic Cloud                 Conjuration/Poison/Air       3
   d - Olgreb's Toxic Radiance        Poison                       4
   e - Venom Bolt                     Conjuration/Poison           5
 l - a book of Minor Magic

   Spells                             Type                      Level
   a - Magic Dart                     Conjuration                  1
   b - Blink                          Translocation                2
   c - Call Imp                       Summoning                    2
   d - Slow                           Hexes                        2
   e - Conjure Flame                  Conjuration/Fire             3
   f - Mephitic Cloud                 Conjuration/Poison/Air       3
 s - Sif Muna's Tome of Igneous Confrontation
   (You found it on level 4 of the Dungeon)

   Spells                             Type                      Level
   a - Flame Tongue                   Conjuration/Fire             1
Comestibles
 i - 9 rations


   Skills:
 - Level 3.0 Dodging
 - Level 3.0 Stealth
 + Level 11.6 Spellcasting
 - Level 0.6 Conjurations
 - Level 3.0 Poison Magic


You had 19 spell levels left.
You knew the following spells:

 Your Spells              Type           Power        Failure   Level  Hunger
a - Poisonous Vapours     Pois/Air       ###...       4%          2    None
d - Sting                 Conj/Pois      ###.         2%          1    None
e - Mephitic Cloud        Conj/Pois/Air  ###.....     10%         3    None
s - Conjure Flame         Conj/Fire      ##......     14%         3    None
v - Blink                 Tloc           N/A          8%          2    None


Dungeon Overview and Level Annotations

Branches:
Dungeon (5/15)
 Temple: D:4-7

Altars:
Okawaru
Qazlal
Sif Muna


Innate Abilities, Weirdness & Mutations

You are very small and have problems with some larger weapons.
You are too small for most types of armour.
You have supernaturally acute eyesight. (SInv)
You are a herbivore.
You cover ground extremely quickly.
You need consume almost no food.


Message History

Aiming: Poisonous Vapours
Press: ? - help, Dir - move target cursor, f - kobold
Aim: a kobold, wielding a club Poisonous vapours surround the kobold!
* * * LOW HITPOINT WARNING * * *
You feel sick. The kobold hits you but does no damage.
The kobold is engulfed in poison gas.
The kobold is poisoned.
The kobold barely misses you.
Casting: Poisonous Vapours
Confirm with . or Enter, or press ? or * to list all spells.
Okay, then.
Casting: Poisonous Vapours
Confirm with . or Enter, or press ? or * to list all spells.
Okay, then.
Okay, then.
Unknown command.
Casting: Poisonous Vapours
Confirm with . or Enter, or press ? or * to list all spells.
Aiming: Poisonous Vapours
Press: ? - help, Dir - move target cursor, f/p - kobold
Aim: a kobold, wielding a club (moderately wounded, poisoned) Poisonous vapours surround the kobold!
* * * LOW HITPOINT WARNING * * *
You feel sick. The kobold hits you.
* * * LOW HITPOINT WARNING * * *
Unknown command.
Casting: Poisonous Vapours
Confirm with . or Enter, or press ? or * to list all spells.
Aiming: Poisonous Vapours
Press: ? - help, Dir - move target cursor, f - big kobold, p - kobold
Aim: a big kobold, wielding a dagger of venom (moderately wounded, poisoned) Poisonous vapours surround the big kobold!
* * * LOW HITPOINT WARNING * * *
You feel sick. The kobold closely misses you.
The big kobold is engulfed in poison gas.
The big kobold looks even sicker.
The kobold misses you.
* * * LOW HITPOINT WARNING * * *
You feel sick.
* * * LOW HITPOINT WARNING * * *
You feel sick.
Found an escape hatch in the floor.
You kill the kobold!
Sif Muna accepts your kill.
Found a mace.
* * * LOW HITPOINT WARNING * * *
You feel sick.
* * * LOW HITPOINT WARNING * * *
You feel sick.
Search for what [? for help]? pot Can't find anything matching that.
Unknown command.
You aren't carrying any potions.
Unknown command.
* * * LOW HITPOINT WARNING * * *
You feel sick.
* * * LOW HITPOINT WARNING * * *
You feel sick.
* * * LOW HITPOINT WARNING * * *
You feel sick.
Really read
f - 4 scrolls labeled GOAQIACOCO {!r}?
As you read the scroll labeled GOAQIACOCO {!r}, it crumbles to dust.
You feel as if something is helping you.
It was a scroll of remove curse {!r}.
You die...

...........o.)..#.##
.>.....K..)K........
#....#o#####..##.#^
#... #.# #..##.#.
##.# #K# ###..##K#†
#.###.##.......(†.
#.##...........##.
#.##..##.......##.
#@##..# ###+### #.
#.....# #. ####..#
.. #..# ## #..# ##.#
.# .# .#


There were no monsters in sight!

Vanquished Creatures
  3 ogres
  2 centaurs
  3 bullfrogs
  A scorpion (D:4)
  2 hounds
  A bullfrog skeleton (D:5)
  3 orc wizards
  Ijyb (D:4)
  Terence (D:3)
  An iguana (D:5)
  2 worker ants (D:5)
  9 adders
  2 oozes
  5 worms (D:2)
  2 dart slugs
  4 leopard geckos
  6 orcs
  A ball python (D:2)
  5 giant cockroaches
  8 goblins
  8 hobgoblins
  A jackal (D:2)
  3 quokkas
  8 bats
  12 frilled lizards
  10 kobolds
  A leopard gecko skeleton (D:4)
  9 rats
114 creatures vanquished.

Vanquished Creatures (others)
  4 fungi (D:5)
  A plant (D:5)
5 creatures vanquished.

Grand Total: 119 creatures vanquished

Notes
Turn   | Place    | Note
-------+----------+-------------------------------------------
     0 | D:1      | Amnesiac the Spriggan Venom Mage began the quest for the Orb.
     0 | D:1      | Reached XP level 1. HP: 9/9 MP: 5/5
    76 | D:1      | Reached skill level 3 in Spellcasting
   463 | D:1      | Reached XP level 2. HP: 13/13 MP: 3/7
   751 | D:1      | Learned a level 2 spell: Poisonous Vapours
   837 | D:1      | Reached skill level 4 in Spellcasting
  1198 | D:2      | Reached XP level 3. HP: 16/16 MP: 4/9
  1206 | D:2      | Found a deep blue altar of Sif Muna.
  1210 | D:2      | Became a worshipper of Sif Muna the Loreminder
  1219 | D:2      | Found an iron altar of Okawaru.
  1246 | D:2      | Noticed a centaur
  1304 | D:2      | Learned a level 3 spell: Mephitic Cloud
  1330 | D:2      | Killed a centaur
  1330 | D:2      | Reached skill level 6 in Spellcasting
  1330 | D:2      | Reached XP level 4. HP: 14/21 MP: 2/13
  1659 | D:2      | Noticed a bullfrog
  1670 | D:2      | Killed a bullfrog
  1670 | D:2      | Reached skill level 7 in Spellcasting
  1670 | D:2      | Reached XP level 5. HP: 24/24 MP: 3/15
  1984 | D:2      | Reached * piety under Sif Muna
  2574 | D:2      | Learned a level 2 spell: Blink
  2578 | D:2      | Learned a level 3 spell: Conjure Flame
  2735 | D:2      | Found a stormy altar of Qazlal.
  2838 | D:3      | Reached XP level 6. HP: 28/28 MP: 0/17
  3052 | D:3      | Reached skill level 8 in Spellcasting
  3512 | D:3      | Noticed Terence
  3516 | D:3      | Killed Terence
  3519 | D:3      | Found a stormy altar of Qazlal.
  3712 | D:3      | Reached ** piety under Sif Muna
  3712 | D:3      | Reached skill level 9 in Spellcasting
  3712 | D:3      | Reached XP level 7. HP: 32/32 MP: 0/20
  4204 | D:4      | Found a deep blue altar of Sif Muna.
  4213 | D:4      | Reached skill level 10 in Spellcasting
  4221 | D:4      | Identified Sif Muna's Tome of Igneous Confrontation
  4719 | D:5      | Entered Level 5 of the Dungeon
  4743 | D:5      | Reached skill level 11 in Spellcasting
  4785 | D:5      | Reached XP level 8. HP: 18/36 MP: 1/24
  4923 | D:5      | Noticed Ijyb
  4935 | D:4      | Killed Ijyb
  5182 | D:5      | HP: 1/36 [poisoned by a big kobold]
  5184 | D:5      | Succumbed to a big kobold's poison

Vault maps used:
D:1:      minmay_arrival_shattered_statue, serial_park_tiny_1
D:2:      kennysheep_six_static_rooms, old_standard_altar,
          amethyst_overflow_temple_binary
D:3:      mumra_celtic_spiral_tile, first_ration,
          nicolae_qazlal_general_emergency, uniq_terence
D:4:      led_sif_book
D:5:      old_forge, zin_purify, kennysheep_little_box,
          minmay_temple_entry_junction, basic_altar, uniq_duvessa,
          uniq_crazy_yiuf_cottage, uniq_ijyb

Skill      XL: |  1  2  3  4  5  6  7 |
---------------+----------------------+-----
Spellcasting   | 3 4 6 7 9 11 | 11.6
Dodging        | |  3.0
Stealth        | |  3.0
Conjurations   | |  0.6
Poison Magic   | |  3.0

Action                   |  1- 3 |  4- 6 |  7- 9 || total
-------------------------+-------+-------+-------++-------
Melee: Unarmed           |     1 |    28 |       ||    29
       Flail             |       |       |     8 ||     8
 Cast: Sting             |    37 |       |       ||    37
       Poisonous Vapours |    14 |   118 |    65 ||   197
       Mephitic Cloud    |     1 |       |     1 ||     2
       Conjure Flame     |       |     1 |     1 ||     2
       Blink             |       |       |     3 ||     3
Invok: Divine Energy     |       |     1 |       ||     1
  Use: Scroll            |       |       |     1 ||     1
       Potion            |       |       |     1 ||     1
  Eat: Ration            |     1 |     2 |       ||     3
Armor: Robe              |     3 |     7 |    10 ||    20
Dodge: Dodged            |    28 |    37 |    48 ||   113

Table legend:
 A = Spawn XP
 B = Non-spawn XP
 C = Spawn XP percentage of total XP
 D = Spawn monster count
 E = Non-spawn monster count
 F = Spawn count percentage of total count
 G = Total turns spent on level
                    A         B        C        D         E        F      G
               +---------+---------+-------+---------+---------+-------+---------
         Total |       0 |    1640 |   0.0 |       0 |     114 |   0.0 |  5184
               +---------+---------+-------+---------+---------+-------+---------
           D:1 |       0 |      29 |   0.0 |       0 |      20 |   0.0 |  1190
           D:2 |       0 |     342 |   0.0 |       0 |      35 |   0.0 |  1626
           D:3 |       0 |     500 |   0.0 |       0 |      37 |   0.0 |  1203
           D:4 |       0 |     366 |   0.0 |       0 |      10 |   0.0 |  1026
           D:5 |       0 |     403 |   0.0 |       0 |      12 |   0.0 |   139
               +---------+---------+-------+---------+---------+-------+---------
